 Dungeon Crawl Stone Soup version 0.29-a0-1043-g569b05d6ff (webtiles) character file.

Game seed: 11276670679543616819

290 voltaire321 the Gusty (level 6, 0/39 HPs)
             Began as an Octopode Air Elementalist on Aug 16, 2022.
             Slain by an orc wizard
             ... wielding a +0 dagger
              (2 damage)
             ... on level 4 of the Dungeon.
             The game lasted 00:13:35 (4514 turns).

voltaire321 the Gusty (Octopode Air Elementalist)   Turns: 4514, Time: 00:13:36

Health: 0/39       AC:  1    Str:  8    XL:     6   Next: 32%
Magic:  19/19      EV: 13    Int: 19    God:
Gold:   135        SH:  5    Dex: 12    Spells: 4/11 levels left

rFire   . . .      SeeInvis .   j - +0 rapier (elec)
rCold   . . .      Faith    .   (no shield)
rNeg    . . .      Spirit   .   (helmet restricted)
rPois   .          Reflect  +   k - amulet of reflection
rElec   .          Harm     .   g - ring of magical power
rCorr   .          Rampage  .   (no ring)
Will    .....                   (no ring)
Stlth   +++.......              (no ring)
HPRegen 0.13/turn               (no ring)
MPRegen 0.16/turn               (no ring)
                                (no ring)
                                (no ring)

@: no status effects
A: almost no armour, amphibious, 8 rings, camouflage 1, gelatinous body 1,
(nimble swimmer 1), tentacles
a: no special abilities


You were on level 4 of the Dungeon.
You visited 1 branch of the dungeon, and saw 4 of its levels.

You collected 135 gold pieces.

Inventory:

Hand Weapons
 j - a +0 rapier of electrocution (weapon)
Jewellery
 g - a ring of magical power (left tentacle)
 k - an amulet of reflection (around mantle)
Scrolls
 e - 4 scrolls of identify
 h - a scroll of teleportation {unknown}
Potions
 a - a potion of magic
 b - 2 potions of mutation
 c - a potion of curing
 d - a potion of ambrosia
 f - 3 potions of haste
 i - a potion of might


   Skills:
 + Level 2.3 Fighting
 + Level 3.1 Dodging
 - Level 2.6 Stealth
 + Level 3.0 Spellcasting
 + Level 2.7 Conjurations
 + Level 4.0 Air Magic
 + Level 1.7 Poison Magic


You had 4 spell levels left.
You knew the following spells:

 Your Spells              Type           Power      Damage    Failure   Level
a - Shock                 Conj/Air       60%        1d6       3%          1
b - Static Discharge      Conj/Air       15%        3-5/arc   6%          2
c - Olgreb's Toxic Radia  Pois           9%         N/A       58%         4

Your spell library contained the following spells:

 Spells                   Type           Power      Damage    Failure   Level
 Poisonous Vapours        Pois/Air       26%        N/A       7%          2
 Swiftness                Air            18%        N/A       9%          3
 Sting                    Tmut/Pois      24%        1d4       11%         1
 Mephitic Cloud           Conj/Pois/Air  13%        N/A       14%         3
 Slow                     Hex            8%         N/A       16%         1
 Airstrike                Air            9%         2d(2-18)  28%         4
 Ignite Poison            Fire/Tmut/Pois 5%         N/A       34%         3
 Confusing Touch          Hex            2%         N/A       41%         3
 Ozocubu's Armour         Ice            2%         N/A       41%         3
 Vampiric Draining        Necr           2%         2d6       41%         3
 Freezing Cloud           Conj/Ice/Air   5%         6-21      86%         5
 Ozocubu's Refrigeration  Ice            1%         4d7       100%        7


Dungeon Overview and Level Annotations

Branches:
Dungeon (4/15)
 Temple: D:4-7

Altars:
Ashenzari
Cheibriados

Shops:
D:3 :

Annotations:
D:2 Sigmund


Innate Abilities, Weirdness & Mutations

You cannot wear most types of armour.
You are amphibious.
You can wear up to eight rings at the same time.
Your skin changes colour to match your surroundings (Stealth+).
Your rubbery body absorbs attacks. (AC +1, EV +1)
((You are camouflaged when in or above water. (Stealth+)))
You have tentacles for arms and can constrict up to eight enemies at once.


Message History

The zap hits the orc wizard.
The orc wizard is lightly wounded.
Casting: Shock (safe; 3% risk of failure)
Confirm with . or Enter, or press ? or * to list all spells.
Aiming: Shock (safe; 3% risk of failure)
Press: ? - help, Shift-Dir - straight line, f/p - orc wizard
Aim: an orc wizard, wielding a +0 dagger and wearing a +0 robe (lightly wounded, 64% to hit)
The zap hits the orc wizard.
The orc wizard is heavily wounded.
The orc wizard mumbles some strange words.
The orc wizard flickers and vanishes!
Deactivating autopickup; reactivate with Ctrl-A.
You hear some strange, mumbled words.
A puff of flame appears from out of thin air!
The puff of flame hits you!
Casting: Shock (safe; 3% risk of failure)
Confirm with . or Enter, or press ? or * to list all spells.
You can't see any susceptible monsters within range! (Use Z to cast anyway.) Unknown command.
Something hits you.
You miss something. Something barely misses you.
You completely miss something. Something hits you. Something barely misses you.
You miss something. Something hits you.
You barely miss something. Something hits you.
You hit something.
You hear some strange, mumbled words.
Something tries to affect you, but you resist.
You closely miss something. Something hits you.
You closely miss something. Your squeeze misses something. Something hits you.
* * * LOW HITPOINT WARNING * * *
Something hits you.
* * * LOW HITPOINT WARNING * * *
You barely miss something. Something hits you.
* * * LOW HITPOINT WARNING * * *
You closely miss something. Something hits you.
* * * LOW HITPOINT WARNING * * *
You miss something. Something hits you.
* * * LOW HITPOINT WARNING * * *
You miss something. Something hits you.
You die...

### #########
####..##.......####
#.#...#...........#
...#..#...#######.#
#........##.....#.#
.......#.#.#####@.#
.......#.#.#_.'##{#
..)...)#.#.#<.#.#.#
....##...#.####.#.#
..## ###.##....##.#
.# ###...######..#
.##.#............##
................#
##.#...#........#####


There were no monsters in sight!

Vanquished Creatures
  A centaur (D:4)
  A phantom (D:4)
  A mummy (D:4)
  3 gnolls (D:3)
  2 adders (D:2)
  2 worms (D:4)
  3 dart slugs (D:4)
  2 orcs
  3 ball pythons
  4 endoplasms
  3 giant cockroaches
  14 goblins
  6 hobgoblins
  A quokka (D:4)
  2 bats (D:1)
  5 frilled lizards
  9 kobolds
  A rat (D:1)
63 creatures vanquished.

Vanquished Creatures (collateral kills)
  A hobgoblin (D:4)
  A quokka (D:4)
2 creatures vanquished.

Grand Total: 65 creatures vanquished

Notes
Turn   | Place    | Note
-------+----------+-------------------------------------------
     0 | D:1      | voltaire321 the Octopode Air Elementalist began the quest
                  | for the Orb.
     0 | D:1      | Reached XP level 1. HP: 11/11 MP: 3/3
   263 | D:1      | Reached XP level 2. HP: 18/18 MP: 0/5
   320 | D:1      | Found a faded altar of an unknown god.
   533 | D:1      | Learned a level 2 spell: Static Discharge
   896 | D:1      | Reached XP level 3. HP: 22/22 MP: 6/6
  1170 | D:1      | Reached skill level 1 in Fighting
  1454 | D:2      | Noticed Sigmund
  1940 | D:2      | Reached XP level 4. HP: 24/28 MP: 7/7
  2319 | D:3      | Found a broken altar of Ashenzari.
  2893 | D:3      | Learned a level 4 spell: Olgreb's Toxic Radiance
  2963 | D:3      | Found Puashrad's Book Emporium.
  3743 | D:4      | Noticed a centaur
  3756 | D:4      | Noticed a phantom
  3760 | D:4      | Killed a phantom
  3761 | D:4      | Reached skill level 1 in Poison Magic
  3761 | D:4      | Reached XP level 5. HP: 22/34 MP: 9/9
  3945 | D:4      | Killed a centaur
  3946 | D:4      | Reached skill level 4 in Air Magic
  3946 | D:4      | Reached XP level 6. HP: 2/39 MP: 10/10
  4450 | D:4      | Found a snail-covered altar of Cheibriados.
  4514 | D:4      | Slain by an orc wizard

Illustrated notes

Levels and vault maps discovered:
D:1:      amcnicky_arrival_abandoned_market, layout_basic,
          chequers_ecumenical_altar_island, corner_web_ring
D:2:      layout_rooms, uniq_sigmund
D:3:      layout_basic, nicolae_overflow_crystal_walls, serial_shops,
          nicolae_shop_statue_plus, minmay_misc_feat_iff
D:4:      layout_cave_pools, chei_slow_surprise, chequers_serial_rivers_room_a,
          kennysheep_nub

Skill      XL: |  1  2  3  4  5 |
---------------+----------------+-----
Fighting       | 1 2 |  2.3
Conjurations   | 2 |  2.7
Poison Magic   | 1 |  1.7
Dodging        | 3 |  3.1
Spellcasting   | 3 |  3.0
Air Magic      | 4 |  4.0
Stealth        | |  2.6

Action                   |  1- 3 |  4- 6 || total
-------------------------+-------+-------++-------
Melee: Tentacles         |     3 |     5 ||     8
       Constrict         |     3 |     4 ||     7
       Unarmed           |     1 |       ||     1
       Short sword       |     4 |       ||     4
       Rapier            |     6 |    37 ||    43
 Cast: Shock             |    57 |    42 ||    99
       Static Discharge  |     6 |     7 ||    13
  Use: Potion            |     1 |       ||     1
       Scroll            |       |     8 ||     8
 Stab: Sleeping          |     1 |     3 ||     4
Armor: Skin              |     1 |     2 ||     3
Dodge: Dodged            |     9 |    29 ||    38
Block: Other             |     2 |     6 ||     8
       Reflection        |     1 |       ||     1

Table legend: (Time is in decaauts)
 A = Elapsed time spent in this place.
 B = Non-inter-level travel time spent in this place.
 C = Inter-level travel time spent in this place.
 D = Time resting spent in this place.
 E = Time spent auto-exploring this place.
 F = Levels seen in this place.
 G = Mean time per level.
                   A        B        C        D        E       F      G
               +--------+--------+--------+--------+--------+-----+--------+
         Total |   4505 |   4350 |    155 |   1392 |   2019 |   4 | 1126.2 |
       Dungeon |   4505 |   4350 |    155 |   1392 |   2019 |   4 | 1126.2 |
               +--------+--------+--------+--------+--------+-----+--------+

Top non-repeatable levels by time:
     D:1: 1667 daAuts
     D:4: 1281 daAuts
     D:3: 972 daAuts
     D:2: 584 daAuts
